Login

Jets vs Mariners

Created - April 28, 2024 at 11:40

Goals
1 2 3 T
Jets 1 3 2 6
Mariners 0 1 1 2
Shots
1 2 3 T
Jets 4 11 10 25
Mariners 17 14 7 38

GoalsPenalties
1st period
1. Jets , Pavel Zacha 8 (Roman Josi 24, Luke Evangelista 11) at 12:52
Morgan Rielly (INV) for Tripping (Minor) at 0:19
Crabface Tinklenuts (INV) for Interference (Minor) at 0:58
Morgan Rielly (INV) for Roughing (Minor) at 4:36
Nikita Zaitsev (GDA) for Hooking (Minor) at 7:12
Crabface Tinklenuts (INV) for Holding (Minor) at 13:28
Crabface Tinklenuts (INV) for Unsportsmanlike conduct (Minor) at 16:52
2nd period
2. Jets , Aleksander Barkov 32 (Jacob Trouba 17, J.T. Miller 25) at 10:24
3. Jets , Jonas Brodin 2 (Pavel Zacha 13, Crabface Tinklenuts 38) at 13:24
4. Jets , Aleksander Barkov 33 (Mark Scheifele 24, J.T. Miller 26) at 18:48 (PP)
5. Mariners , Mats Zuccarello 11 (Nikita Zaitsev 4) at 19:19
Brandon Montour (GDA) for Boarding (Minor) at 5:38
Brady Skjei (GDA) for Diving (Minor) at 16:59
3rd period
6. Jets , Nikolaj Ehlers 11 (Elias Lindholm 23) at 1:12
7. Jets , Aleksander Barkov 34 (Morgan Rielly 16) at 10:07
8. Mariners , Ryan Graves 11 (Nicholas Paul 7) at 10:21
Brandon Montour (GDA) for Interference (Minor) at 2:13
Crabface Tinklenuts (INV) for Hooking (Minor) at 17:16
Goalie Stats
Connor Hellebuyck (INV), 36 saves from 38 shots - (0.947), W, 36-24-4, 60:00 minutes
Linus Ullmark (GDA), 10 saves from 14 shots - (0.714), L, 39-18-7, 38:48 minutes
Anton Forsberg (GDA), 9 saves from 11 shots - (0.818), 21:12 minutes
3 StarsOfficial
1 - Aleksander Barkov (INV)
2 - J.T. Miller (INV)
3 - Pavel Zacha (INV)
Referees : Unknown
Linesman : Unknown
Game Note
Anton Forsberg enters game at 18:48 of 2nd period
Aleksander Barkov has scored a Hat Trick!
Finance
Level 1 -- Attendance: 4316 (71.93%) -- Ticket Income $431,600
Level 2 -- Attendance: 4987 (99.74%) -- Ticket Income $274,285
Level 3 -- Attendance: 1900 (95.00%) -- Ticket Income $57,000
Level 4 -- Attendance: 3969 (99.23%) -- Ticket Income $79,380
Luxury Box -- Attendance: 943 (94.30%) -- Ticket Income $188,600
Game was played at the The Shipyard.
Total Attendance: 16115 (89.53%)
Total Ticket Income: $1,030,865
Other Income: $412,346
Total Income: $1,443,211



Team Name Goals Shots Shots Attemp Shots Blocked PIM HIT PP PK FO%
Jets 62549212251 / 4 (25%)047%
Mariners 2385738230 / 6 (0%)153%

Jets
Player Name POS G A P +/- PIM HIT SHT SB MP PP MP PP SHT PK MP PK SHT FO% FOT
Aleksander BarkovC3032016025:264:0716:15056% 36
Crabface TinklenutsD0110842020:573:5211:1400% 0
Elias LindholmC/RW0110001016:413:3900:0000% 0
Erik HaulaC/LW000000003:500:0000:00029% 7
J.T. MillerC/LW0222051019:004:0703:39050% 6
Jacob TroubaD0111010017:270:0004:5800% 0
Jake SandersonD0001001022:003:5415:3700% 0
Jonas BrodinD1010001115:470:0004:5700% 0
Joshua MorrisseyD000000105:240:0000:2000% 0
Luke EvangelistaRW0111000013:340:0000:0000% 0
Mark ScheifeleC/RW0112001025:264:0706:15050% 4
Martin NecasC/RW0000011020:203:3903:39035% 26
Morgan RiellyD0112420017:093:5400:0000% 0
Nikolaj EhlersLW/RW1010022016:413:3900:00050% 2
Pavel ZachaC/LW1121001113:340:0000:0000% 0
Roman JosiD0112053021:103:5214:0100% 0
Sam BennettC/LW/RW0001044013:340:0000:00054% 13
William KarlssonC000000000:000:0000:0000% 0
Mariners
Player Name POS G A P +/- PIM HIT SHT SB MP PP MP PP SHT PK MP PK SHT FO% FOT
Adrian KempeC/LW/RW000-1046022:315:3113:1700% 0
Brady SkjeiD000-3220022:286:2703:0900% 0
Brandon MontourD0000423019:575:5330:5200% 0
Christopher TanevD000-3032021:264:3224:0100% 0
Erik BrannstromD000000000:000:0000:0000% 0
Filip ChytilC/LW000000001:270:0000:0000% 3
James van RiemsdykLW/RW0000010013:240:0000:000100% 1
Jeff SkinnerLW000-1003019:145:3120:0000% 1
Jonatan BerggrenC/LW/RW000000001:270:0000:0000% 0
Marc StaalD0000011219:270:0903:4500% 0
Mats ZuccarelloLW/RW1010024013:240:0000:0000% 1
Mika ZibanejadC000-2021024:055:0304:29063% 38
Nicholas PaulC/LW0110012013:270:0000:03059% 17
Nikita ZaitsevD0110211113:190:0900:0000% 0
Patrik LaineLW/RW000-2002018:095:0300:0000% 0
Ricky CumalotLW/RW000-2007022:385:0334:2900% 2
Ryan GravesD1010021023:193:5803:4500% 0
Sean MonahanC000-1025022:285:3123:14048% 31

Jets

5 vs 5 Forward
Line #Left WingCenterRight WingPHYDFOFWanted %Time %Time Play
1J.T. MillerAleksander BarkovMark Scheifele1223027%11:14
2Nikolaj EhlersMartin NecasElias Lindholm1222831%13:02
3Pavel ZachaSam BennettLuke Evangelista1222633%13:34
4Aleksander BarkovErik HaulaMark Scheifele122169%3:50
5 vs 5 Defense
Line #DefenseDefensePHYDFOFWanted %Time %Time Play
1Morgan RiellyRoman Josi1223032%13:17
2Jake SandersonJacob Trouba1222830%12:29
3Crabface TinklenutsJonas Brodin1222626%10:50
4Joshua MorrisseyCrabface Tinklenuts1221612%5:04
Power Play Forward
Line #Left WingCenterRight WingPHYDFOFWanted %Time %Time Play
1J.T. MillerAleksander BarkovMark Scheifele1225553%4:07
2Nikolaj EhlersMartin NecasElias Lindholm1224547%3:39
Power Play Defense
Line #DefenseDefensePHYDFOFWanted %Time %Time Play
1Crabface TinklenutsRoman Josi1225550%3:52
2Jake SandersonMorgan Rielly1224550%3:54
Penalty Kill 4 Players Forward
Line #CenterWingPHYDFOFWanted %Time %Time Play
1Aleksander BarkovMark Scheifele1225560%5:35
2J.T. MillerMartin Necas1224540%3:39
Penalty Kill 4 Players Defense
Line #DefenseDefensePHYDFOFWanted %Time %Time Play
1Jake SandersonJacob Trouba1225546%4:17
2Crabface TinklenutsJonas Brodin1224554%4:57
Penalty Kill 3 Players
Line #WingPHYDFOFWanted %Time %Time PlayDefenseDefensePHYDFOFWanted %Time %Time Play
1Aleksander Barkov1225550%0:40 Jake SandersonJacob Trouba1225551%0:41
2Mark Scheifele1224550%0:40 Jake SandersonMorgan Rielly1224549%0:39
4 vs 4 Forward
Line #CenterWingPHYDFOFWanted %Time %Time Play
1Aleksander BarkovMark Scheifele122550%0:00
2J.T. MillerMartin Necas122450%0:00
4 vs 4 Defense
Line #DefensePHYDFOFWanted %Time %Time Play
1Crabface TinklenutsJacob Trouba122550%0:00
2Jake SandersonRoman Josi122450%0:00
Last Minutes Offensive
Left WingCenterRight WingDefenseDefense
J.T. MillerAleksander BarkovMark ScheifeleCrabface TinklenutsJacob Trouba
Last Minutes Defensive
Left WingCenterRight WingDefenseDefense
J.T. MillerAleksander BarkovMark ScheifeleCrabface TinklenutsJacob Trouba
Time
Total ForwardTotal DefenseLast Minutes OffensiveLast Minutes Defensive
60:00 60:00 0:000:00
Extra Forwards
Normal PowerPlayPenalty Kill
William Karlsson, Luke Evangelista, Sam BennettWilliam Karlsson, Luke EvangelistaSam Bennett
Extra Defensemen
Normal PowerPlayPenalty Kill
Morgan Rielly, Roman Josi, Joshua MorrisseyMorgan Rielly, Roman JosiJoshua Morrissey
Penalty Shots
Aleksander Barkov, Mark Scheifele, J.T. Miller, Martin Necas, Nikolaj Ehlers
Goalie
Connor Hellebuyck, Scott Wedgewood
Custom OT Lines Forwards
Aleksander Barkov, Mark Scheifele, J.T. Miller, Martin Necas, Nikolaj Ehlers, Elias Lindholm, Luke Evangelista, Sam Bennett, Pavel Zacha, Erik Haula
Custom OT Lines Defensemen
Roman Josi, Jacob Trouba, Jake Sanderson, Crabface Tinklenuts, Morgan Rielly
Scratches
Pavel Francouz (Healthy)

Mariners

5 vs 5 Forward
Line #Left WingCenterRight WingPHYDFOFWanted %Time %Time Play
1Ricky CumalotMika ZibanejadPatrik Laine1223331%13:06
2Jeff SkinnerSean MonahanAdrian Kempe1223333%13:43
3Mats ZuccarelloNicholas PaulJames van Riemsdyk1222632%13:24
4Jonatan BerggrenFilip ChytilMika Zibanejad12283%1:27
5 vs 5 Defense
Line #DefenseDefensePHYDFOFWanted %Time %Time Play
1Ryan GravesBrandon Montour1223032%13:14
2Christopher TanevBrady Skjei1222831%12:53
3Nikita ZaitsevMarc Staal1222632%13:11
4Ryan GravesMarc Staal122166%2:22
Power Play Forward
Line #Left WingCenterRight WingPHYDFOFWanted %Time %Time Play
1Ricky CumalotMika ZibanejadPatrik Laine1135548%5:03
2Jeff SkinnerSean MonahanAdrian Kempe1134552%5:31
Power Play Defense
Line #DefenseDefensePHYDFOFWanted %Time %Time Play
1Brandon MontourBrady Skjei1135562%6:36
2Ryan GravesChristopher Tanev1134538%3:58
Penalty Kill 4 Players Forward
Line #CenterWingPHYDFOFWanted %Time %Time Play
1Mika ZibanejadRicky Cumalot1315558%4:32
2Sean MonahanAdrian Kempe1314542%3:14
Penalty Kill 4 Players Defense
Line #DefenseDefensePHYDFOFWanted %Time %Time Play
1Ryan GravesMarc Staal1315548%3:45
2Brady SkjeiChristopher Tanev1314552%4:01
Penalty Kill 3 Players
Line #WingPHYDFOFWanted %Time %Time PlayDefenseDefensePHYDFOFWanted %Time %Time Play
1Mika Zibanejad131550%0:00 Ryan GravesMarc Staal131550%0:00
2Sean Monahan131450%0:00 Brady SkjeiChristopher Tanev131450%0:00
4 vs 4 Forward
Line #CenterWingPHYDFOFWanted %Time %Time Play
1Mika ZibanejadRicky Cumalot122550%0:00
2Sean MonahanAdrian Kempe122450%0:00
4 vs 4 Defense
Line #DefensePHYDFOFWanted %Time %Time Play
1Ryan GravesMarc Staal122550%0:00
2Brady SkjeiChristopher Tanev122450%0:00
Last Minutes Offensive
Left WingCenterRight WingDefenseDefense
Ricky CumalotMika ZibanejadPatrik LaineBrandon MontourBrady Skjei
Last Minutes Defensive
Left WingCenterRight WingDefenseDefense
Ricky CumalotMika ZibanejadSean MonahanRyan GravesMarc Staal
Time
Total ForwardTotal DefenseLast Minutes OffensiveLast Minutes Defensive
60:00 60:00 0:000:00
Extra Forwards
Normal PowerPlayPenalty Kill
Sean Monahan, Filip Chytil, Nicholas PaulSean Monahan, Filip ChytilNicholas Paul
Extra Defensemen
Normal PowerPlayPenalty Kill
Ryan Graves, Brady Skjei, Brandon MontourRyan Graves, Brady SkjeiBrandon Montour
Penalty Shots
Mika Zibanejad, Ricky Cumalot, Patrik Laine, Jeff Skinner, Adrian Kempe
Goalie
Linus Ullmark, Anton Forsberg
Custom OT Lines Forwards
Mika Zibanejad, Ricky Cumalot, Patrik Laine, Jeff Skinner, Adrian Kempe, Mats Zuccarello, Sean Monahan, Filip Chytil, Nicholas Paul, James van Riemsdyk
Custom OT Lines Defensemen
Ryan Graves, Marc Staal, Nikita Zaitsev, Christopher Tanev, Brady Skjei
Scratches
Jesper Fast (Healthy), Logan Stanley (Healthy)


Play-by-Play

1st period


0:01 of 1st period - Mika Zibanejad wins face-off versus Aleksander Barkov in neutral zone.
0:07 of 1st period - Brandon Montour is hit by Morgan Rielly and loses puck.
0:19 of 1st period - Minor Penalty to Morgan Rielly for Tripping.
0:20 of 1st period - Aleksander Barkov wins face-off versus Sean Monahan in Jets zone.
0:35 of 1st period - Shot by Brandon Montour.
0:35 of 1st period - Stopped by Connor Hellebuyck with a rebound.
0:37 of 1st period - Shot by Brady Skjei.
0:37 of 1st period - Shot Misses the Net.
0:39 of 1st period - Shot by Brandon Montour.
0:39 of 1st period - Stopped by Connor Hellebuyck without a rebound.
0:40 of 1st period - Mika Zibanejad wins face-off versus Aleksander Barkov in Jets zone.
0:56 of 1st period - Aleksander Barkov is hit by Mika Zibanejad and loses puck.
0:58 of 1st period - Minor Penalty to Crabface Tinklenuts for Interference.
0:59 of 1st period - Aleksander Barkov wins face-off versus Sean Monahan in Jets zone.
1:21 of 1st period - Icing by Jeff Skinner.
1:22 of 1st period - Sean Monahan wins face-off versus Aleksander Barkov in Mariners zone.
1:43 of 1st period - Shot by Brandon Montour.
1:43 of 1st period - Stopped by Connor Hellebuyck without a rebound.
1:44 of 1st period - Aleksander Barkov wins face-off versus Mika Zibanejad in Jets zone.
2:01 of 1st period - Shot by Ricky Cumalot.
2:01 of 1st period - Shot Misses the Net.
2:03 of 1st period - Shot by Christopher Tanev.
2:03 of 1st period - Stopped by Connor Hellebuyck without a rebound.
2:04 of 1st period - Mark Scheifele wins face-off versus Mika Zibanejad in Jets zone.
2:20 of 1st period - Shot by Ricky Cumalot.
2:20 of 1st period - Shot Misses the Net.
2:22 of 1st period - Shot by Ricky Cumalot.
2:22 of 1st period - Stopped by Connor Hellebuyck without a rebound.
2:23 of 1st period - Aleksander Barkov wins face-off versus Sean Monahan in Jets zone.
2:34 of 1st period - Shot by Sean Monahan.
2:34 of 1st period - Stopped by Connor Hellebuyck without a rebound.
2:35 of 1st period - Aleksander Barkov wins face-off versus Mika Zibanejad in Jets zone.
3:04 of 1st period - Shot by Adrian Kempe.
3:04 of 1st period - Stopped by Connor Hellebuyck without a rebound.
3:05 of 1st period - Sean Monahan wins face-off versus Martin Necas in Jets zone.
4:19 of 1st period - Off-side.
4:20 of 1st period - Mika Zibanejad wins face-off versus Mark Scheifele in neutral zone.
4:36 of 1st period - Minor Penalty to Morgan Rielly for Roughing.
4:37 of 1st period - Mika Zibanejad wins face-off versus Aleksander Barkov in Jets zone.
5:09 of 1st period - Shot by Ricky Cumalot.
5:09 of 1st period - Shot Misses the Net.
5:44 of 1st period - Shot by Jeff Skinner.
5:44 of 1st period - Stopped by Connor Hellebuyck without a rebound.
5:45 of 1st period - Sean Monahan wins face-off versus Aleksander Barkov in Jets zone.
6:06 of 1st period - Shot by Brandon Montour.
6:06 of 1st period - Shot Misses the Net.
6:29 of 1st period - Icing by Mika Zibanejad.
6:30 of 1st period - Mika Zibanejad wins face-off versus J.T. Miller in Mariners zone.
7:12 of 1st period - Minor Penalty to Nikita Zaitsev for Hooking.
7:13 of 1st period - Mika Zibanejad wins face-off versus Martin Necas in Mariners zone.
7:21 of 1st period - Off-side.
7:22 of 1st period - Mika Zibanejad wins face-off versus Aleksander Barkov in neutral zone.
8:17 of 1st period - Shot by Roman Josi.
8:17 of 1st period - Stopped by Linus Ullmark without a rebound.
8:18 of 1st period - Martin Necas wins face-off versus Mika Zibanejad in Mariners zone.
8:42 of 1st period - Off-side.
8:43 of 1st period - Aleksander Barkov wins face-off versus Sean Monahan in neutral zone.
9:16 of 1st period - Shot by Pavel Zacha.
9:16 of 1st period - Deflect By Sam Bennett.
9:16 of 1st period - Stopped by Linus Ullmark without a rebound.
9:17 of 1st period - Sean Monahan wins face-off versus Nikolaj Ehlers in Mariners zone.
9:17 of 1st period - Sean Monahan is hit by Nikolaj Ehlers.
9:51 of 1st period - Shot by Adrian Kempe.
9:51 of 1st period - Deflect By Jeff Skinner.
9:51 of 1st period - Stopped by Connor Hellebuyck without a rebound.
9:52 of 1st period - Aleksander Barkov wins face-off versus Ricky Cumalot in Jets zone.
10:07 of 1st period - Off-side.
10:08 of 1st period - Sam Bennett wins face-off versus Nicholas Paul in neutral zone.
10:42 of 1st period - Nicholas Paul is hit by Roman Josi and loses puck.
10:45 of 1st period - Shot by Nicholas Paul.
10:45 of 1st period - Stopped by Connor Hellebuyck without a rebound.
10:46 of 1st period - Mika Zibanejad wins face-off versus Aleksander Barkov in Jets zone.
10:59 of 1st period - Mika Zibanejad is hit by J.T. Miller and loses puck.
11:27 of 1st period - Mark Scheifele is hit by Brandon Montour.
11:57 of 1st period - Shot by Nikolaj Ehlers.
11:57 of 1st period - Shot Misses the Net.
12:52 of 1st period - Shot by Pavel Zacha.
12:52 of 1st period - Goal by Pavel Zacha - Jets : 1 - Mariners : 0.
12:53 of 1st period - Nicholas Paul wins face-off versus Erik Haula in neutral zone.
12:57 of 1st period - Off-side.
12:58 of 1st period - Aleksander Barkov wins face-off versus Nicholas Paul in neutral zone.
13:17 of 1st period - Shot by Mats Zuccarello.
13:17 of 1st period - Stopped by Connor Hellebuyck without a rebound.
13:18 of 1st period - Mika Zibanejad wins face-off versus Sam Bennett in Jets zone.
13:24 of 1st period - Mika Zibanejad is hit by Crabface Tinklenuts and loses puck.
13:28 of 1st period - Minor Penalty to Crabface Tinklenuts for Holding.
13:29 of 1st period - Mika Zibanejad wins face-off versus Aleksander Barkov in Jets zone.
13:30 of 1st period - Shot by Ricky Cumalot.
13:30 of 1st period - Stopped by Connor Hellebuyck without a rebound.
13:31 of 1st period - Mika Zibanejad wins face-off versus Aleksander Barkov in Jets zone.
13:38 of 1st period - Shot by Mika Zibanejad.
13:38 of 1st period - Deflect By Ricky Cumalot.
13:38 of 1st period - Stopped by Connor Hellebuyck with a rebound.
13:55 of 1st period - Shot by Brandon Montour.
13:55 of 1st period - Shot Misses the Net.
15:17 of 1st period - Shot by Sean Monahan.
15:17 of 1st period - Stopped by Connor Hellebuyck without a rebound.
15:18 of 1st period - J.T. Miller wins face-off versus Sean Monahan in Jets zone.
15:18 of 1st period - J.T. Miller is hit by Adrian Kempe.
15:24 of 1st period - Shot by Jeff Skinner.
15:24 of 1st period - Stopped by Connor Hellebuyck without a rebound.
15:25 of 1st period - Aleksander Barkov wins face-off versus Sean Monahan in Jets zone.
15:33 of 1st period - Icing by Roman Josi.
15:34 of 1st period - Sam Bennett wins face-off versus Nicholas Paul in Jets zone.
15:34 of 1st period - Sam Bennett is hit by Mats Zuccarello.
15:37 of 1st period - Morgan Rielly is hit by James van Riemsdyk and loses puck.
15:48 of 1st period - Morgan Rielly is hit by Mats Zuccarello and loses puck.
15:54 of 1st period - Roman Josi is hit by Nikita Zaitsev and loses puck.
16:11 of 1st period - Shot by Pavel Zacha.
16:11 of 1st period - Shot Misses the Net.
16:35 of 1st period - Shot by Aleksander Barkov.
16:35 of 1st period - Stopped by Linus Ullmark with a rebound.
16:44 of 1st period - Ricky Cumalot is hit by Crabface Tinklenuts and loses puck.
16:52 of 1st period - Minor Penalty to Crabface Tinklenuts for Unsportsmanlike conduct.
16:53 of 1st period - Sean Monahan wins face-off versus Aleksander Barkov in Jets zone.
17:19 of 1st period - Brady Skjei is hit by Aleksander Barkov.
17:49 of 1st period - Icing by Ryan Graves.
17:50 of 1st period - Martin Necas wins face-off versus Mika Zibanejad in Mariners zone.
18:00 of 1st period - J.T. Miller is hit by Ryan Graves and loses puck.
18:17 of 1st period - Shot by Ricky Cumalot.
18:17 of 1st period - Shot Misses the Net.
18:19 of 1st period - Shot by Ryan Graves.
18:19 of 1st period - Shot Blocked by Jonas Brodin.
18:21 of 1st period - Shot by Christopher Tanev.
18:21 of 1st period - Shot Misses the Net.
18:23 of 1st period - Shot by Christopher Tanev.
18:23 of 1st period - Stopped by Connor Hellebuyck without a rebound.
18:24 of 1st period - J.T. Miller wins face-off versus Sean Monahan in Jets zone.
18:50 of 1st period - Icing by Brandon Montour.
18:51 of 1st period - Sean Monahan wins face-off versus J.T. Miller in Mariners zone.
18:51 of 1st period - Sean Monahan is hit by J.T. Miller.
19:23 of 1st period - Shot by Mats Zuccarello.
19:23 of 1st period - Stopped by Connor Hellebuyck without a rebound.
19:24 of 1st period - Mika Zibanejad wins face-off versus Martin Necas in Jets zone.
19:52 of 1st period - Nikolaj Ehlers is hit by Christopher Tanev.
Goals for this period are 1 for Jets vs 0 for Mariners.
Shots for this period are 4 for Jets vs 17 for Mariners.

2nd period


0:01 of 2nd period - Aleksander Barkov wins face-off versus Sean Monahan in neutral zone.
0:01 of 2nd period - Crabface Tinklenuts is hit by Sean Monahan and loses puck.
0:08 of 2nd period - Shot by Aleksander Barkov.
0:08 of 2nd period - Stopped by Linus Ullmark without a rebound.
0:09 of 2nd period - Aleksander Barkov wins face-off versus Mika Zibanejad in Mariners zone.
0:14 of 2nd period - Shot by J.T. Miller.
0:14 of 2nd period - Deflect By Mark Scheifele.
0:14 of 2nd period - Shot Misses the Net.
0:16 of 2nd period - Shot by J.T. Miller.
0:16 of 2nd period - Stopped by Linus Ullmark without a rebound.
0:17 of 2nd period - Aleksander Barkov wins face-off versus Sean Monahan in Mariners zone.
0:27 of 2nd period - Icing by Adrian Kempe.
0:28 of 2nd period - Sean Monahan wins face-off versus Martin Necas in Mariners zone.
0:53 of 2nd period - Shot by Adrian Kempe.
0:53 of 2nd period - Stopped by Connor Hellebuyck without a rebound.
0:54 of 2nd period - Mika Zibanejad wins face-off versus Erik Haula in Jets zone.
1:05 of 2nd period - Shot by Ricky Cumalot.
1:05 of 2nd period - Stopped by Connor Hellebuyck without a rebound.
1:06 of 2nd period - Nicholas Paul wins face-off versus Sam Bennett in Jets zone.
1:11 of 2nd period - Shot by Mats Zuccarello.
1:11 of 2nd period - Shot Misses the Net.
1:27 of 2nd period - Shot by Sam Bennett.
1:27 of 2nd period - Shot Misses the Net.
1:29 of 2nd period - Shot by Jacob Trouba.
1:29 of 2nd period - Shot Blocked by Marc Staal.
1:42 of 2nd period - Shot by Sam Bennett.
1:42 of 2nd period - Shot Blocked by Nikita Zaitsev.
1:44 of 2nd period - Shot by Sam Bennett.
1:44 of 2nd period - Stopped by Linus Ullmark without a rebound.
1:45 of 2nd period - Sean Monahan wins face-off versus Aleksander Barkov in Mariners zone.
2:03 of 2nd period - Aleksander Barkov is hit by Christopher Tanev and loses puck.
2:08 of 2nd period - Shot by Roman Josi.
2:08 of 2nd period - Stopped by Linus Ullmark without a rebound.
2:09 of 2nd period - Martin Necas wins face-off versus Mika Zibanejad in Mariners zone.
2:30 of 2nd period - Martin Necas is hit by Mika Zibanejad and loses puck.
2:51 of 2nd period - Shot by Mika Zibanejad.
2:51 of 2nd period - Stopped by Connor Hellebuyck with a rebound.
3:07 of 2nd period - Shot by Sean Monahan.
3:07 of 2nd period - Stopped by Connor Hellebuyck without a rebound.
3:08 of 2nd period - Aleksander Barkov wins face-off versus Mats Zuccarello in Jets zone.
3:33 of 2nd period - Shot by Nicholas Paul.
3:33 of 2nd period - Shot Misses the Net.
4:50 of 2nd period - Off-side.
4:51 of 2nd period - Martin Necas wins face-off versus Mika Zibanejad in neutral zone.
4:59 of 2nd period - Martin Necas is hit by Brandon Montour and loses puck.
5:05 of 2nd period - Icing by Mika Zibanejad.
5:06 of 2nd period - Mika Zibanejad wins face-off versus Martin Necas in Mariners zone.
5:38 of 2nd period - Minor Penalty to Brandon Montour for Boarding.
5:39 of 2nd period - Aleksander Barkov wins face-off versus Sean Monahan in Mariners zone.
6:51 of 2nd period - Icing by Nikolaj Ehlers.
6:52 of 2nd period - Mika Zibanejad wins face-off versus Martin Necas in Jets zone.
7:35 of 2nd period - Shot by Aleksander Barkov.
7:35 of 2nd period - Shot Blocked by Marc Staal.
8:39 of 2nd period - Shot by Brady Skjei.
8:39 of 2nd period - Shot Misses the Net.
9:02 of 2nd period - Icing by Jake Sanderson.
9:03 of 2nd period - Erik Haula wins face-off versus Sean Monahan in Jets zone.
9:12 of 2nd period - Shot by Sean Monahan.
9:12 of 2nd period - Stopped by Connor Hellebuyck without a rebound.
9:13 of 2nd period - Sean Monahan wins face-off versus Martin Necas in Jets zone.
9:13 of 2nd period - Sean Monahan is hit by Morgan Rielly.
9:29 of 2nd period - Sean Monahan is hit by Roman Josi and loses puck.
9:33 of 2nd period - Icing by Roman Josi.
9:34 of 2nd period - Mika Zibanejad wins face-off versus Martin Necas in Jets zone.
9:35 of 2nd period - Shot by Ricky Cumalot.
9:35 of 2nd period - Stopped by Connor Hellebuyck with a rebound.
10:24 of 2nd period - Shot by Aleksander Barkov.
10:24 of 2nd period - Goal by Aleksander Barkov - Jets : 2 - Mariners : 0.
10:25 of 2nd period - Sean Monahan wins face-off versus Erik Haula in neutral zone.
11:02 of 2nd period - Shot by Adrian Kempe.
11:02 of 2nd period - Stopped by Connor Hellebuyck with a rebound.
11:04 of 2nd period - Shot by Adrian Kempe.
11:04 of 2nd period - Stopped by Connor Hellebuyck without a rebound.
11:05 of 2nd period - Nicholas Paul wins face-off versus Sam Bennett in Jets zone.
11:16 of 2nd period - Shot by Nicholas Paul.
11:16 of 2nd period - Deflect By Mats Zuccarello.
11:16 of 2nd period - Stopped by Connor Hellebuyck with a rebound.
11:18 of 2nd period - Shot by Nikita Zaitsev.
11:18 of 2nd period - Shot Hit the Post.
11:22 of 2nd period - Shot by Mats Zuccarello.
11:22 of 2nd period - Shot Misses the Net.
11:24 of 2nd period - Shot by Marc Staal.
11:24 of 2nd period - Shot Misses the Net.
11:30 of 2nd period - Shot by Nicholas Paul.
11:30 of 2nd period - Shot Misses the Net.
11:32 of 2nd period - Shot by Nikita Zaitsev.
11:32 of 2nd period - Stopped by Connor Hellebuyck with a rebound.
11:34 of 2nd period - Shot by Marc Staal.
11:34 of 2nd period - Stopped by Connor Hellebuyck without a rebound.
11:35 of 2nd period - Mika Zibanejad wins face-off versus Martin Necas in Jets zone.
11:35 of 2nd period - Ricky Cumalot is hit by Roman Josi and loses puck.
11:44 of 2nd period - Icing by Christopher Tanev.
11:45 of 2nd period - Aleksander Barkov wins face-off versus Mika Zibanejad in Mariners zone.
13:08 of 2nd period - Shot by Sean Monahan.
13:08 of 2nd period - Stopped by Connor Hellebuyck without a rebound.
13:09 of 2nd period - Sam Bennett wins face-off versus Nicholas Paul in Jets zone.
13:22 of 2nd period - Shot by Pavel Zacha.
13:22 of 2nd period - Shot Misses the Net.
13:24 of 2nd period - Shot by Jonas Brodin.
13:24 of 2nd period - Goal by Jonas Brodin - Jets : 3 - Mariners : 0.
13:25 of 2nd period - Sean Monahan wins face-off versus Erik Haula in neutral zone.
13:28 of 2nd period - Joshua Morrissey is hit by Adrian Kempe and loses puck.
13:42 of 2nd period - Sean Monahan is hit by Crabface Tinklenuts and loses puck.
14:58 of 2nd period - Off-side.
14:59 of 2nd period - Nicholas Paul wins face-off versus Sam Bennett in neutral zone.
15:15 of 2nd period - Off-side.
15:16 of 2nd period - Sam Bennett wins face-off versus Sean Monahan in neutral zone.
15:16 of 2nd period - Luke Evangelista is hit by Adrian Kempe and loses puck.
15:46 of 2nd period - Shot by Roman Josi.
15:46 of 2nd period - Stopped by Linus Ullmark with a rebound.
15:51 of 2nd period - Off-side.
15:52 of 2nd period - Mika Zibanejad wins face-off versus Aleksander Barkov in neutral zone.
15:57 of 2nd period - Shot by Patrik Laine.
15:57 of 2nd period - Stopped by Connor Hellebuyck without a rebound.
15:58 of 2nd period - Aleksander Barkov wins face-off versus Mika Zibanejad in Jets zone.
16:16 of 2nd period - Aleksander Barkov is hit by Brady Skjei and loses puck.
16:57 of 2nd period - Icing by Brady Skjei.
16:58 of 2nd period - Martin Necas wins face-off versus Mika Zibanejad in Mariners zone.
16:59 of 2nd period - Shot by Nikolaj Ehlers.
16:59 of 2nd period - Stopped by Linus Ullmark without a rebound.
16:59 of 2nd period - Minor Penalty to Brady Skjei for Diving.
17:00 of 2nd period - Sean Monahan wins face-off versus Martin Necas in Mariners zone.
17:18 of 2nd period - Icing by Morgan Rielly.
17:19 of 2nd period - Martin Necas wins face-off versus Sean Monahan in Jets zone.
17:19 of 2nd period - Martin Necas is hit by Sean Monahan.
18:27 of 2nd period - Shot by Crabface Tinklenuts.
18:27 of 2nd period - Stopped by Linus Ullmark without a rebound.
18:28 of 2nd period - Mika Zibanejad wins face-off versus Aleksander Barkov in Mariners zone.
18:46 of 2nd period - Shot by Mark Scheifele.
18:46 of 2nd period - Shot Misses the Net.
18:48 of 2nd period - Shot by Aleksander Barkov.
18:48 of 2nd period - Goal by Aleksander Barkov - Jets : 4 - Mariners : 0.
18:48 of 2nd period - Anton Forsberg enters game.
18:49 of 2nd period - Sam Bennett wins face-off versus Nicholas Paul in neutral zone.
18:49 of 2nd period - Sam Bennett is hit by Nicholas Paul.
18:55 of 2nd period - Shot by Sam Bennett.
18:55 of 2nd period - Shot Misses the Net.
18:57 of 2nd period - Shot by Crabface Tinklenuts.
18:57 of 2nd period - Shot Misses the Net.
19:06 of 2nd period - Sam Bennett is hit by Marc Staal and loses puck.
19:19 of 2nd period - Shot by Mats Zuccarello.
19:19 of 2nd period - Goal by Mats Zuccarello - Jets : 4 - Mariners : 1.
19:20 of 2nd period - Sean Monahan wins face-off versus J.T. Miller in neutral zone.
19:20 of 2nd period - Sean Monahan is hit by J.T. Miller.
19:23 of 2nd period - Brandon Montour is hit by Jacob Trouba and loses puck.
19:31 of 2nd period - Icing by Jacob Trouba.
19:32 of 2nd period - Aleksander Barkov wins face-off versus Filip Chytil in Jets zone.
19:37 of 2nd period - Shot by J.T. Miller.
19:37 of 2nd period - Deflect By Aleksander Barkov.
19:37 of 2nd period - Stopped by Anton Forsberg with a rebound.
19:46 of 2nd period - Icing by Ryan Graves.
19:47 of 2nd period - Martin Necas wins face-off versus Filip Chytil in Mariners zone.
Goals for this period are 3 for Jets vs 1 for Mariners.
Shots for this period are 11 for Jets vs 14 for Mariners.

3rd period


0:01 of 3rd period - Mark Scheifele wins face-off versus Sean Monahan in neutral zone.
0:18 of 3rd period - Shot by Aleksander Barkov.
0:18 of 3rd period - Shot Hit the Post.
0:27 of 3rd period - Adrian Kempe is hit by Roman Josi.
1:12 of 3rd period - Shot by Nikolaj Ehlers.
1:12 of 3rd period - Goal by Nikolaj Ehlers - Jets : 5 - Mariners : 1.
1:13 of 3rd period - James van Riemsdyk wins face-off versus Sam Bennett in neutral zone.
1:13 of 3rd period - James van Riemsdyk is hit by Sam Bennett.
1:17 of 3rd period - Shot by James van Riemsdyk.
1:17 of 3rd period - Shot Blocked by Pavel Zacha.
1:31 of 3rd period - Shot by Luke Evangelista.
1:31 of 3rd period - Shot Misses the Net.
1:36 of 3rd period - Icing by Brady Skjei.
1:37 of 3rd period - Martin Necas wins face-off versus Nicholas Paul in Mariners zone.
1:59 of 3rd period - Shot by Martin Necas.
1:59 of 3rd period - Stopped by Anton Forsberg without a rebound.
2:00 of 3rd period - Aleksander Barkov wins face-off versus Mika Zibanejad in Mariners zone.
2:01 of 3rd period - Shot by J.T. Miller.
2:01 of 3rd period - Shot Misses the Net.
2:10 of 3rd period - Icing by Ryan Graves.
2:11 of 3rd period - Sam Bennett wins face-off versus Mika Zibanejad in Mariners zone.
2:13 of 3rd period - Minor Penalty to Brandon Montour for Interference.
2:14 of 3rd period - Mika Zibanejad wins face-off versus Mark Scheifele in Mariners zone.
2:20 of 3rd period - Icing by Crabface Tinklenuts.
2:21 of 3rd period - Mika Zibanejad wins face-off versus Aleksander Barkov in Jets zone.
3:22 of 3rd period - Shot by Jake Sanderson.
3:22 of 3rd period - Stopped by Anton Forsberg without a rebound.
3:23 of 3rd period - Mika Zibanejad wins face-off versus Martin Necas in Mariners zone.
3:50 of 3rd period - Martin Necas is hit by Brady Skjei.
3:57 of 3rd period - Nikolaj Ehlers is hit by Christopher Tanev and loses puck.
4:51 of 3rd period - Shot by Sam Bennett.
4:51 of 3rd period - Stopped by Anton Forsberg without a rebound.
4:52 of 3rd period - Nicholas Paul wins face-off versus Aleksander Barkov in Mariners zone.
4:52 of 3rd period - Nicholas Paul is hit by J.T. Miller.
5:12 of 3rd period - Marc Staal is hit by J.T. Miller and loses puck.
5:22 of 3rd period - Icing by Marc Staal.
5:23 of 3rd period - Nicholas Paul wins face-off versus Martin Necas in Mariners zone.
5:23 of 3rd period - Nicholas Paul is hit by Nikolaj Ehlers.
5:36 of 3rd period - Icing by Roman Josi.
5:37 of 3rd period - Mika Zibanejad wins face-off versus Martin Necas in Jets zone.
5:40 of 3rd period - Shot by Patrik Laine.
5:40 of 3rd period - Stopped by Connor Hellebuyck without a rebound.
5:41 of 3rd period - Aleksander Barkov wins face-off versus Ricky Cumalot in Jets zone.
6:14 of 3rd period - Shot by Patrik Laine.
6:14 of 3rd period - Deflect By Ricky Cumalot.
6:14 of 3rd period - Stopped by Connor Hellebuyck without a rebound.
6:15 of 3rd period - Sean Monahan wins face-off versus Martin Necas in Jets zone.
6:53 of 3rd period - Shot by Elias Lindholm.
6:53 of 3rd period - Shot Misses the Net.
7:04 of 3rd period - Jeff Skinner is hit by Sam Bennett and loses puck.
7:08 of 3rd period - Brady Skjei is hit by Crabface Tinklenuts and loses puck.
7:35 of 3rd period - Shot by Sam Bennett.
7:35 of 3rd period - Stopped by Anton Forsberg without a rebound.
7:36 of 3rd period - Erik Haula wins face-off versus Nicholas Paul in Mariners zone.
7:36 of 3rd period - Erik Haula is hit by Ryan Graves.
7:51 of 3rd period - Mats Zuccarello is hit by Roman Josi and loses puck.
8:38 of 3rd period - Shot by Ricky Cumalot.
8:38 of 3rd period - Stopped by Connor Hellebuyck with a rebound.
9:05 of 3rd period - Shot by Jacob Trouba.
9:05 of 3rd period - Shot Misses the Net.
9:28 of 3rd period - Joshua Morrissey is hit by Adrian Kempe and loses puck.
10:07 of 3rd period - Shot by Aleksander Barkov.
10:07 of 3rd period - Goal by Aleksander Barkov - Jets : 6 - Mariners : 1.
10:08 of 3rd period - Nicholas Paul wins face-off versus Aleksander Barkov in neutral zone.
10:19 of 3rd period - Shot by Nicholas Paul.
10:19 of 3rd period - Stopped by Connor Hellebuyck without a rebound.
10:20 of 3rd period - Nicholas Paul wins face-off versus Martin Necas in Jets zone.
10:21 of 3rd period - Shot by Ryan Graves.
10:21 of 3rd period - Goal by Ryan Graves - Jets : 6 - Mariners : 2.
10:22 of 3rd period - Nicholas Paul wins face-off versus Martin Necas in neutral zone.
10:36 of 3rd period - Nicholas Paul is hit by Martin Necas and loses puck.
10:59 of 3rd period - Shot by Martin Necas.
10:59 of 3rd period - Shot Misses the Net.
11:01 of 3rd period - Shot by Elias Lindholm.
11:01 of 3rd period - Shot Misses the Net.
11:03 of 3rd period - Shot by Elias Lindholm.
11:03 of 3rd period - Stopped by Anton Forsberg without a rebound.
11:04 of 3rd period - Aleksander Barkov wins face-off versus Jeff Skinner in Mariners zone.
11:24 of 3rd period - Icing by Nikita Zaitsev.
11:25 of 3rd period - Sam Bennett wins face-off versus Sean Monahan in Mariners zone.
12:43 of 3rd period - Shot by Mark Scheifele.
12:43 of 3rd period - Shot Misses the Net.
12:50 of 3rd period - Icing by Ricky Cumalot.
12:51 of 3rd period - Nikolaj Ehlers wins face-off versus Mika Zibanejad in Mariners zone.
13:27 of 3rd period - Shot by Elias Lindholm.
13:27 of 3rd period - Shot Misses the Net.
14:11 of 3rd period - Shot by Sam Bennett.
14:11 of 3rd period - Shot Misses the Net.
14:17 of 3rd period - Shot by Sam Bennett.
14:17 of 3rd period - Shot Misses the Net.
14:47 of 3rd period - Shot by Adrian Kempe.
14:47 of 3rd period - Stopped by Connor Hellebuyck without a rebound.
14:48 of 3rd period - Sean Monahan wins face-off versus Martin Necas in Jets zone.
15:46 of 3rd period - Shot by Aleksander Barkov.
15:46 of 3rd period - Deflect By Mark Scheifele.
15:46 of 3rd period - Stopped by Anton Forsberg with a rebound.
15:48 of 3rd period - Shot by Crabface Tinklenuts.
15:48 of 3rd period - Stopped by Anton Forsberg without a rebound.
15:49 of 3rd period - Nicholas Paul wins face-off versus Sam Bennett in Mariners zone.
15:49 of 3rd period - Nicholas Paul is hit by Sam Bennett.
17:01 of 3rd period - Icing by Crabface Tinklenuts.
17:02 of 3rd period - Mika Zibanejad wins face-off versus Erik Haula in Jets zone.
17:16 of 3rd period - Minor Penalty to Crabface Tinklenuts for Hooking.
17:17 of 3rd period - J.T. Miller wins face-off versus Sean Monahan in Jets zone.
17:50 of 3rd period - Shot by Jeff Skinner.
17:50 of 3rd period - Shot Misses the Net.
19:00 of 3rd period - Shot by Adrian Kempe.
19:00 of 3rd period - Shot Misses the Net.
19:02 of 3rd period - Shot by Adrian Kempe.
19:02 of 3rd period - Stopped by Connor Hellebuyck with a rebound.
19:28 of 3rd period - Nikita Zaitsev is hit by Sam Bennett and loses puck.
19:35 of 3rd period - Shot by Crabface Tinklenuts.
19:35 of 3rd period - Shot Misses the Net.
19:37 of 3rd period - Shot by Crabface Tinklenuts.
19:37 of 3rd period - Shot Misses the Net.
19:39 of 3rd period - Shot by Joshua Morrissey.
19:39 of 3rd period - Stopped by Anton Forsberg without a rebound.
19:40 of 3rd period - Martin Necas wins face-off versus Filip Chytil in Mariners zone.
Goals for this period are 2 for Jets vs 1 for Mariners.
Shots for this period are 10 for Jets vs 7 for Mariners.